 Dungeon Crawl Stone Soup version 0.30.1-4-g462c640d31 (webtiles) character file.

Game seed: 12033066112922333451

9 spardeous the Insei (level 1, 0/16 HPs)
             Began as a Demigod Transmuter on Aug 14, 2023.
             Slain by a kobold
             ... wielding a +2 short sword of freezing
              (2 damage)
             ... on level 1 of the Dungeon.
             The game lasted 00:00:45 (231 turns).

spardeous the Insei (Demigod Transmuter)             Turns: 231, Time: 00:00:45

Health: 0/16       AC:  2    Str: 11    XL:     1   Next: 86%
Magic:  3/5        EV: 12    Int: 15    God:
Gold:   42         SH:  0    Dex: 14    Spells: 2/3 levels left

rFire   . .          .
                       - Unarmed
rCold   . . .        (no shield)
rNeg    . . .        a - +0 robe
rPois   .            (helmet currently unavailable)
rElec   .            (no cloak)
rCorr   .            (no gloves)
SInv    .            (boots currently unavailable)
Will    .....        (no amulet)
Stlth   +            (no ring)
HPRegen 0.22/turn    (no ring)
MPRegen 0.09/turn

%: no passive effects
@: appendages
A: horns 2, talons 2, high MP 1, forlorn, divine attributes
a: End Transformation


You were on level 1 of the Dungeon.
You had temporarily grown beastly horns and talons.
You visited 1 branch of the dungeon, and saw 1 of its levels.

You collected 42 gold pieces.

Inventory:

Armour
 a - a +0 robe (worn)
Jewellery
 f - a ring of magical power
Scrolls
 d - a scroll of identify {unknown}
 g - a scroll of enchant armour {unknown}
Potions
 b - a potion of lignification
 c - 2 potions of haste {unknown}
 e - a potion of magic {unknown}


   Skills:
 + Level 1.4 Fighting
 - Level 1.7 Dodging
 + Level 3.0 Unarmed Combat
 - Level 1.7 Spellcasting
 - Level 1.7 Transmutations


You had 2 spell levels left.
You knew the following spells:

 Your Spells              Type           Power      Damage    Failure   Level
a - Beastly Appendage     Tmut           12%        N/A       11%         1

Your spell library contained the following spells:

 Spells                   Type           Power      Damage    Failure   Level
 Wereblood                Tmut           6%         N/A       17%         2
 Spider Form              Tmut/Pois      3%         N/A       43%         3
 Ignite Poison            Fire/Tmut/Pois 3%         N/A       47%         3
 Ice Form                 Ice/Tmut       3%         N/A       85%         4
 Ozocubu's Refrigeration  Ice            0%         4d7       100%        7
 Polar Vortex             Ice            0%         N/A       100%        9


Dungeon Overview and Level Annotations

Branches:
Dungeon (1/15)


Innate Abilities, Weirdness & Mutations

You have temporarily grown beastly horns and talons.
You have an increased reservoir of magic. (+10% MP)
You shall have no god before yourself.
Your divine heritage dramatically boosts your attributes as you level up.


Message History

The bat hits you but does no damage. The bat hits you.
A bat is nearby!
You barely miss the bat. You claw the bat.
You kill the bat!
Your transformation is almost over.
Your horns disappear.
Your talons disappear.
HP restored.
g - a scroll labelled COACOPROJORGH Health restored: 16; MP restored: 5 No target in view!
A kobold comes into view.
It is wielding a +2 short sword of freezing.
A kobold is nearby!
A kobold is nearby!
A kobold is nearby!
A kobold is nearby!
The kobold closely misses you.
Casting: Beastly Appendage (safe; 11% risk of failure)
Confirm with . or Enter, or press ? or * to list all spells.
You grow a pair of large bovine horns.
Your feet morph into talons.
The kobold hits you with a +2 short sword of freezing.
The kobold freezes you.
The kobold hits you with a +2 short sword of freezing.
The kobold freezes you.
* * * LOW HITPOINT WARNING * * *
You take 9 damage, and have 7/16 hp.
MASSIVE DAMAGE!!
You now have 4/5 mp.
A kobold is nearby!
You are too injured to fight recklessly!
A kobold is nearby!
You are too injured to fight recklessly!
A kobold is nearby!
You are too injured to fight recklessly!
Casting: Beastly Appendage (safe; 11% risk of failure)
Confirm with . or Enter, or press ? or * to list all spells.
You extend your transformation's duration.
The kobold hits you with a +2 short sword of freezing.
* * * LOW HITPOINT WARNING * * *
The kobold freezes you.
* * * LOW HITPOINT WARNING * * *
The kobold hits you with a +2 short sword of freezing.
You die...

.. #. #.### #. # ....
#. .# ...# .###.# ...
...... #.# #.....
######K.# #.#..#
#....@.# #.#..#
#.....###########.#..#
#.............##.....#
#.................#..#
######........###.#.##
#>........†..#.#
#........#####)##
#.................
...........####.###


You could see a kobold.

Vanquished Creatures
  A ball python (D:1)
  3 bats (D:1)
  2 giant cockroaches (D:1)
  A frilled lizard (D:1)
  A kobold (D:1)
  A rat (D:1)
9 creatures vanquished.

Notes
Turn   | Place    | Note
-------+----------+-------------------------------------------
     0 | D:1      | spardeous the Demigod Transmuter began the quest for the
                  | Orb.
     0 | D:1      | Reached XP level 1. HP: 15/15 MP: 5/5
    26 | D:1      | Reached skill level 1 in Fighting
    60 | D:1      | Got the Vademecum on the Snow-white Scorpion
   177 | D:1      | Reached skill level 3 in Unarmed Combat
   231 | D:1      | Slain by a kobold

Illustrated notes

Levels and vault maps discovered:
D:1:      ebering_hopf_link, layout_rooms, serial_shops,
          nicolae_shop_competitors_out_of_business

Skill      XL: |  1 |
---------------+----+-----
Fighting       | 1 |  1.4
Unarmed Combat | 3 |  3.0
Dodging        | |  1.7
Spellcasting   | |  1.7
Transmutations | |  1.7

Action                     || total
---------------------------++-------
  Melee: Unarmed           ||    18
         Kick              ||     4
         Headbutt          ||     3
   Cast: Beastly Appendage ||     9
 Armour: Robe              ||    10
  Dodge: Dodged            ||    14
